Map: Golden Wall LE

Players

JohnnyV

  • Race: Terran Terran
  • Spawn Location: 5:00

boragnal - Winner!

  • Race: Zerg Zerg
  • League: Gold
  • Spawn Location: 7:00

VOD

Have the link to the VOD?

Description

Time

  • Played on: April 29, 2020, 10:40 a.m.
  • Length: 10:56
Show
View Real Time Build Order
Export as new Build Order

JohnnyV Terran 

Build Orders:  

Get SALT Encoding   

  12  0:01  SCV  
  13  0:17  Supply Depot  
  13  0:18  SCV  
  14  0:30  SCV  
  15  0:41  Barracks  
  15  0:42  SCV  
  16  0:54  SCV  
  17  1:05  Refinery  
  17  1:06  SCV  
  17  1:08  Refinery  
  18  1:18  SCV  
  18  1:19  Barracks  
  19  1:30  Marine  
  19  1:31  Supply Depot  
  20  1:35  Orbital Command  
  20  1:47  Marine  
  21  2:05  Marine  
  22  2:11  Barracks Reactor, Bunker  
  22  2:20  Refinery  
  22  2:27  SCV  
  22  2:30  Marine  
  23  2:47  Marine  
  24  2:52  Factory  
  24  2:54  SCV  
  24  2:57  Marine x2  
  27  3:04  Refinery  
  27  3:09  Marine  
  28  3:25  Marine  
  28  3:26  Marine  
  30  3:32  Marine  
  31  3:45  Starport  
  31  3:48  Supply Depot  
  31  3:53  Supply Depot  
  31  3:59  Engineering Bay  
  31  4:20  Barracks Reactor  
  31  4:21  Barracks Tech Lab  
  31  4:24  Widow Mine x2  
  35  4:29  Liberator  
  38  4:46  Marauder  
  38  4:49  Widow Mine x2  
  44  4:57  Armory  
  44  5:03  SCV  
  45  5:07  Marine x2  
  45  5:12  Supply Depot  
  45  5:14  Supply Depot  
  47  5:33  Medivac  
  47  5:34  Widow Mine x2  
  53  5:40  Supply Depot  
  53  5:41  SCV  
  54  5:44  Marauder  
  56  5:54  SCV  
  54  6:01  Widow Mine x2  
  54  6:03  Marine x2  
  60  6:07  Terran Vehicle And Ship Armor Level 1  
  60  6:08  Terran Infantry Armor Level 1  
  60  6:31  Widow Mine x2  
  64  6:33  Marine x2  
  64  6:35  Marauder  
  64  6:36  SCV  
  69  6:42  Command Center  
  67  7:22  Hellion x2  
  67  7:23  Marine x2  
  67  7:24  Marauder  
  67  7:26  Starport Reactor  
  69  7:46  Marauder  
  71  7:58  Marine x2  
  73  8:00  Hellion  
  73  8:01  Hellion  
  77  8:07  Marauder  
  79  8:15  Viking x2, Marine  
  79  8:17  Refinery  
  84  8:20  Supply Depot  
  84  8:21  Refinery  
  84  8:23  Sensor Tower  
  84  8:32  Bunker  
  84  8:33  Orbital Command  
  84  8:37  Marine x2  
  84  8:41  Marine  
  87  8:58  Marine  
  87  8:59  Marine x2  
  90  9:10  Barracks  
  90  9:16  Marine  
  83  9:24  Marine  
  83  9:25  Marine  
  67  9:34  Marine  
  48  9:52  Liberator x2  
  52  9:59  Fusion Core  
  52  10:00  Widow Mine x2  
  48  10:20  Marine x3  
  38  10:38  Marine  
Show
View Real Time Build Order
Export as new Build Order

boragnal Zerg - Winner!

Build Orders: Hatch First 

Get SALT Encoding   

  12  0:01  Drone  
  13  0:08  Drone  
  14  0:35  Hatchery  
  13  0:38  Drone  
  13  0:42  Extractor  
  13  0:44  Drone  
  14  0:52  Overlord  
  14  1:10  Spawning Pool  
  13  1:13  Drone  
  14  1:21  Drone  
  14  1:23  Drone  
  16  1:28  Drone  
  18  1:40  Drone  
  18  1:51  Drone  
  19  1:58  Queen  
  19  2:00  Queen  
  23  2:16  Zergling x2  
  23  2:17  Drone  
  23  2:18  Drone  
  26  2:32  Drone x2  
  26  2:34  Overlord  
  28  2:42  Metabolic Boost  
  28  2:49  Lair  
  28  2:53  Extractor  
  28  2:55  Drone  
  28  2:57  Zergling x2  
  28  2:58  Zergling x2  
  30  2:59  Drone  
  30  3:00  Drone  
  32  3:10  Drone x2  
  32  3:11  Drone  
  35  3:26  Drone  
  35  3:30  Overlord  
  35  3:42  Overlord  
  35  3:49  Drone x3  
  38  3:56  Hydralisk Den  
  37  4:07  Drone x3  
  37  4:08  Drone x2  
  42  4:18  Drone  
  42  4:19  Zergling x2, Drone  
  42  4:20  Zergling x4  
  47  4:29  Drone x2  
  49  4:51  Muscular Augments, Hydralisk  
  49  4:52  Overlord, Evolution Chamber  
  50  4:53  Overlord  
  50  4:55  Drone  
  50  4:58  Extractor  
  50  5:00  Extractor  
  50  5:01  Drone  
  50  5:08  Evolution Chamber  
  49  5:21  Spore Crawler  
  48  5:24  Drone x3  
  48  5:25  Spore Crawler  
  50  5:37  Zerg Missile Weapons Level 1, Zerg Ground Armor Level 1  
  50  5:47  Hydralisk  
  50  5:48  Hydralisk  
  54  5:59  Hydralisk x2  
  54  6:00  Hydralisk  
  60  6:05  Grooved Spines  
  60  6:15  Hatchery  
  60  6:17  Drone  
  60  6:18  Drone x2  
  62  6:37  Drone x2  
  62  6:39  Overseer  
  66  6:47  Overlord  
  62  7:07  Overseer  
  62  7:37  Hydralisk x2  
  62  7:38  Hydralisk  
  68  7:49  Drone x3  
  66  8:05  Hydralisk x2  
  66  8:06  Hydralisk x4  
  66  8:07  Overlord x2  
  78  8:15  Baneling Nest  
  78  8:16  Drone  
  78  8:17  Hydralisk  
  78  8:18  Overlord x2  
  80  8:20  Drone  
  80  8:25  Extractor  
  80  8:41  Infestation Pit, Hydralisk x5  
  89  8:56  Drone x3  
  90  9:28  Hydralisk  
  90  9:29  Hydralisk x6  
  90  9:30  Hydralisk x4  
  104  9:31  Overlord  
  102  9:44  Overlord x2  
  100  9:51  Overlord  
  100  9:52  Overlord x2  
  100  10:06  Hydralisk  
  102  10:07  Zergling x6  
Tags
 
League
Gold
Matchup
TvZ
Spawn Locations
Close Positions
Add a new tag
Caveats
  • Supply blocks, unpowered buildings, or Contaminate may cause inaccurate times.
  • Supply counts are checked every 10 seconds.